Map: Golden Wall LE

Players

Armani

  • Race: Zerg Zerg
  • League: Master
  • Spawn Location: 5:00

DPGCure (Cure) - Winner!

  • Race: Terran Terran
  • League: Grandmaster
  • Spawn Location: 7:00

Event: War Chest Team League

VOD

Have the link to the VOD?

Description

Time

  • Played on: Aug. 16, 2020, 8:18 a.m.
  • Length: 10:18
Show
View Real Time Build Order
Export as new Build Order

Armani Zerg 

Build Orders: Hatch First, Muta Ling Bane 

Get SALT Encoding   

  12  0:01  Drone  
  13  0:13  Overlord  
  13  0:19  Drone  
  14  0:32  Drone x2  
  16  0:48  Hatchery  
  15  0:52  Drone  
  15  0:56  Drone  
  17  1:00  Drone  
  18  1:12  Extractor  
  18  1:17  Spawning Pool  
  16  1:18  Drone  
  16  1:22  Drone  
  18  1:29  Drone  
  19  1:40  Drone  
  20  1:53  Drone  
  21  2:04  Queen x2  
  21  2:05  Zergling x4  
  27  2:13  Overlord  
  27  2:15  Drone  
  28  2:16  Metabolic Boost  
  28  2:34  Drone  
  28  2:36  Hatchery  
  27  2:38  Zergling x2  
  27  2:45  Queen  
  27  2:48  Drone  
  30  2:54  Overlord  
  30  2:57  Drone  
  30  2:58  Drone  
  32  3:01  Drone  
  32  3:04  Drone  
  34  3:14  Drone x2  
  34  3:17  Drone  
  34  3:19  Drone x3  
  40  3:24  Queen  
  42  3:29  Overlord  
  42  3:33  Drone  
  43  3:48  Queen, Drone x2  
  45  3:49  Drone x3  
  45  3:51  Overlord  
  45  3:53  Zergling x4  
  45  3:54  Drone  
  53  3:56  Drone  
  53  4:01  Queen  
  56  4:05  Drone  
  57  4:14  Evolution Chamber  
  57  4:15  Evolution Chamber  
  57  4:16  Drone x4  
  59  4:18  Drone  
  59  4:24  Overlord x2  
  60  4:27  Extractor, Overlord  
  59  4:35  Overlord  
  59  4:40  Zerg Ground Armor Level 1  
  59  4:43  Drone x4  
  59  4:44  Drone  
  64  4:46  Drone  
  64  4:47  Spore Crawler  
  64  4:48  Zerg Melee Weapons Level 1  
  64  4:50  Spore Crawler  
  64  4:52  Drone  
  64  4:55  Spore Crawler  
  64  4:59  Zergling x4  
  65  5:00  Spore Crawler  
  65  5:02  Zergling x2  
  65  5:03  Zergling x2  
  65  5:04  Drone  
  67  5:09  Lair  
  67  5:10  Drone  
  67  5:12  Extractor x2, Drone  
  67  5:14  Drone  
  68  5:15  Drone  
  68  5:17  Drone  
  68  5:20  Drone  
  71  5:23  Drone x3  
  71  5:24  Drone  
  71  5:26  Drone  
  76  5:32  Baneling Nest  
  76  5:33  Drone x3  
  77  5:37  Zergling x6  
  77  5:38  Overlord  
  77  5:40  Drone  
  82  5:42  Drone  
  82  5:43  Extractor  
  82  5:44  Extractor  
  82  5:45  Drone  
  82  5:48  Drone  
  82  5:51  Drone  
  82  5:52  Drone  
  82  5:54  Drone  
  82  5:55  Drone  
  82  5:56  Drone x2  
  88  5:58  Drone  
  88  5:59  Drone  
  88  6:04  Drone  
  91  6:08  Drone  
  91  6:10  Spire  
  91  6:14  Hatchery  
  91  6:15  Overseer  
  88  6:30  Zergling x20  
  98  6:33  Overlord x2  
  98  6:36  Zerg Ground Armor Level 2  
  91  6:48  Drone x5  
  91  6:51  Zerg Melee Weapons Level 2  
  91  6:52  Centrifical Hooks  
  95  7:02  Zergling x12  
  95  7:05  Baneling x12  
  95  7:08  Drone x2  
  103  7:13  Baneling x2  
  103  7:14  Zergling x2  
  104  7:27  Mutalisk x5  
  104  7:29  Drone x4  
  115  7:30  Overlord  
  115  7:31  Overlord  
  115  7:32  Overlord  
  109  7:37  Mutalisk  
  109  7:39  Overlord x2  
  109  7:40  Overlord  
  111  7:44  Overlord  
  111  7:46  Zerg Flyer Weapons Level 1  
  111  7:47  Overlord  
  111  7:48  Drone  
  111  7:49  Drone  
  111  7:51  Drone  
  114  7:52  Drone  
  114  7:53  Mutalisk  
  114  7:55  Mutalisk  
  119  8:04  Mutalisk x2  
  121  8:06  Zergling x12  
  121  8:07  Zergling x2  
  121  8:09  Drone x2  
  121  8:11  Extractor  
  129  8:14  Queen  
  129  8:16  Baneling x6  
  131  8:21  Drone x5  
  131  8:22  Drone  
  137  8:30  Mutalisk x2  
  137  8:32  Zergling x2  
  137  8:33  Zergling x10  
  146  8:38  Zergling x10  
  151  8:42  Baneling x9  
  151  8:47  Mutalisk  
  153  8:53  Zergling x18  
  161  8:56  Drone  
  161  9:01  Zergling x4  
  164  9:07  Overlord x2  
  164  9:08  Zergling x4  
  166  9:15  Zergling x14  
  171  9:17  Baneling x4  
  131  9:25  Zergling x8  
  131  9:28  Baneling x4  
  133  9:35  Zergling x18  
  133  9:37  Baneling x6  
  139  9:40  Baneling x4  
  139  9:41  Baneling x4  
  139  9:45  Zergling x6  
  139  9:50  Zergling x8  
  140  9:54  Mutalisk x2  
Show
View Real Time Build Order
Export as new Build Order

DPGCure Terran - Winner!

Build Orders: Reaper Expand, Hellion Banshee 

Get SALT Encoding   

  12  0:00  SCV  
  13  0:12  SCV  
  14  0:17  Supply Depot  
  14  0:24  SCV  
  15  0:38  SCV  
  15  0:39  Barracks  
  16  0:43  Refinery  
  16  0:50  SCV  
  17  1:03  SCV  
  18  1:15  SCV  
  19  1:26  Reaper  
  19  1:27  Orbital Command  
  20  1:40  Command Center  
  20  1:47  Supply Depot  
  20  1:52  SCV  
  21  1:58  Marine  
  22  2:05  SCV  
  23  2:11  Factory  
  23  2:17  SCV  
  23  2:21  Barracks Reactor  
  24  2:29  SCV  
  25  2:41  SCV  
  26  2:46  Command Center  
  26  2:52  Orbital Command  
  26  2:53  SCV  
  27  3:02  Starport  
  27  3:05  Refinery  
  27  3:06  SCV  
  28  3:16  Hellion x2  
  28  3:18  SCV  
  33  3:20  SCV  
  33  3:22  Barracks Tech Lab  
  34  3:30  SCV  
  34  3:32  SCV  
  36  3:38  Hellion x2  
  40  3:43  SCV  
  40  3:44  Banshee, SCV  
  45  3:50  Marine  
  46  3:56  Cloaking Field  
  46  3:58  SCV x2  
  46  3:59  Orbital Command  
  48  4:06  Hellion x2  
  52  4:10  Barracks Tech Lab, SCV x2  
  52  4:15  Supply Depot  
  54  4:24  SCV x2  
  56  4:28  Banshee  
  56  4:30  Marine  
  60  4:33  Orbital Command  
  60  4:36  SCV x2  
  60  4:38  Supply Depot  
  62  4:40  Stimpack  
  62  4:41  Barracks  
  62  4:44  Barracks  
  62  4:48  Supply Depot, SCV x2  
  62  4:50  Refinery  
  62  4:51  Refinery  
  64  4:53  Factory Reactor, Marine  
  64  4:58  SCV  
  66  5:00  SCV x2  
  66  5:01  Supply Depot  
  68  5:08  Engineering Bay x2  
  68  5:13  Marine, SCV x3  
  72  5:20  Supply Depot  
  72  5:25  SCV x3  
  75  5:32  Marine x3  
  75  5:34  Starport Reactor  
  78  5:36  Supply Depot  
  78  5:37  SCV x2  
  78  5:38  SCV  
  81  5:42  Marine  
  81  5:43  Marine, Siege Tank  
  81  5:47  Terran Infantry Armor Level 1, Terran Infantry Weapons Level 1  
  86  5:53  SCV x3  
  89  5:58  Marine x3  
  89  6:00  Marine  
  89  6:01  Marine  
  94  6:05  Supply Depot x2  
  94  6:11  Barracks  
  94  6:12  Barracks  
  94  6:16  Medivac x2  
  98  6:18  Siege Tank  
  98  6:20  SCV x2  
  98  6:21  SCV  
  98  6:24  Refinery  
  104  6:27  Armory  
  104  6:28  Marine x5  
  109  6:34  Supply Depot  
  106  6:47  Barracks x2  
  106  6:49  Barracks, Marine x5  
  106  6:50  Siege Tank  
  106  6:52  Supply Depot  
  114  6:56  SCV x2  
  114  6:57  SCV  
  114  7:01  Barracks Reactor  
  117  7:02  Barracks Reactor  
  117  7:05  Medivac x2  
  121  7:08  Marine x4  
  121  7:09  Marine  
  121  7:13  Supply Depot  
  121  7:14  Sensor Tower, Supply Depot  
  126  7:22  Combat Shield  
  126  7:26  Marine x5  
  131  7:30  Siege Tank  
  134  7:40  Marine x2  
  134  7:41  Marine x2  
  134  7:42  Barracks Reactor x2  
  138  7:45  Barracks Reactor  
  138  7:48  Marine x5  
  138  7:49  Terran Infantry Weapons Level 2  
  143  7:56  Terran Infantry Armor Level 2  
  140  7:58  Marine  
  140  8:01  Marine x3  
  140  8:02  Medivac  
  140  8:03  Missile Turret  
  146  8:06  Supply Depot, Marine x4  
  146  8:07  Supply Depot  
  146  8:09  Missile Turret  
  146  8:11  Missile Turret  
  150  8:16  Marine x2  
  150  8:18  Supply Depot  
  150  8:19  Marine x3  
  155  8:21  Marine x2  
  157  8:27  Marine x2  
  157  8:28  Siege Tank  
  157  8:29  Supply Depot, Marine x2  
  157  8:30  Supply Depot  
  157  8:34  Marine x4  
  168  8:48  Marine x6  
  170  8:52  Medivac x2  
  170  8:55  Marine x4  
  177  8:58  Marine x2  
  177  9:00  Marine x3, Siege Tank  
  185  9:06  Marine x6  
  189  9:12  Command Center  
  189  9:13  Marine  
  189  9:15  Marine x3  
  189  9:16  Marine x2  
  195  9:17  Marine  
  195  9:24  Marine x4  
  174  9:27  Marine x4  
  174  9:31  Marine  
  181  9:33  Marine x3  
  181  9:34  Marine x2  
  181  9:35  Medivac, Marine, Siege Tank  
  182  9:41  Marine x2  
  182  9:42  Marine x2  
  182  9:45  Marine x3  
  187  9:46  Marine  
  187  9:48  Marine  
  190  9:52  Factory  
  190  9:53  Marine x4  
  190  9:57  Marine x2  
  190  9:59  Marine  
Tags
 
Add a new tag
Caveats
  • Supply blocks, unpowered buildings, or Contaminate may cause inaccurate times.
  • Supply counts are checked every 10 seconds.